 Dungeon Crawl Stone Soup version 0.29.0-4-gdea44cf6ec (webtiles) character file.

Game seed: 14727730474867526842

22 qw the Chopper (level 2, 0/17 HPs)
             Began as a Tengu Warper on Aug 28, 2022.
             Slain by a gnoll
             ... wielding a +0 flail
              (9 damage)
             ... on level 1 of the Dungeon.
             The game lasted 00:00:05 (1006 turns).

qw the Chopper (Tengu Warper)                       Turns: 1006, Time: 00:00:05

Health: 0/17       AC:  3    Str: 11    XL:     2   Next: 91%
Magic:  6/6        EV: 11    Int: 13    God:
Gold:   48         SH:  0    Dex: 13    Spells: 5/5 levels left

rFire   . . .      SeeInvis .   a - +0 hand axe
rCold   . . .      Faith    .   (no shield)
rNeg    . . .      Spirit   .   b - +0 leather armour
rPois   .          Reflect  .   (helmet restricted)
rElec   .          Harm     .   (no cloak)
rCorr   .          Rampage  .   (no gloves)
Will    .....                   (boots unavailable)
Stlth   +.........              (no amulet)
HPRegen 0.05/turn               (no ring)
MPRegen 0.10/turn               (no ring)

@: no status effects
A: beak, talons 3
a: no special abilities


You were on level 1 of the Dungeon.
You visited 1 branch of the dungeon, and saw 1 of its levels.

You collected 48 gold pieces.


Innate Abilities, Weirdness & Mutations

You have a beak for a mouth.
You have claws for feet.


   Skills:
 - Level 2.0 Fighting
 + Level 3.6 Axes
 - Level 1.0 Throwing
 - Level 1.1 Armour
 - Level 2.1 Dodging
 - Level 2.0 Spellcasting
 - Level 2.4 Translocations


You had 5 spell levels left.
You didn't know any spells.
Your spell library contained the following spells:

 Spells                   Type           Power      Damage    Failure   Level
 Blink                    Tloc           14%        N/A       19%         2
 Gell's Gravitas          Tloc           7%         N/A       36%         3
 Lesser Beckoning         Tloc           7%         N/A       36%         3
 Teleport Other           Tloc           7%         N/A       36%         3
 Manifold Assault         Tloc           7%         N/A       98%         5

Inventory:

Hand Weapons
 a - a +0 hand axe (weapon)
 f - a +0 whip
Armour
 b - a +0 leather armour (worn)
 e - a +0 plate armour
 g - a scarf of repulsion
Scrolls
 c - a scroll of blinking
 i - a scroll of brand weapon {unknown}
Potions
 d - a potion of lignification {unknown}
 h - a potion of haste {unknown}

Dungeon Overview and Level Annotations

Branches:
Dungeon (1/15)

Altars:


Message History

You closely miss the quokka.
The quokka is heavily wounded.
The quokka barely misses you.
You completely miss the quokka. Your kick misses the quokka.
The quokka is heavily wounded.
The quokka closely misses you. The quokka misses you.
You completely miss the quokka.
The quokka is heavily wounded.
The quokka bites you.
You closely miss the quokka. Your kick misses the quokka.
The quokka is heavily wounded.
The quokka bites you.
You hit the quokka but do no damage. Your peck misses the quokka.
The quokka is heavily wounded.
The quokka barely misses you. The quokka bites you.
You miss the quokka. Your kick misses the quokka. You peck the quokka.
The quokka is almost dead.
The quokka bites you.
You hit the quokka.
You kill the quokka!
You start resting.
HP restored.
A hobgoblin comes into view.
The hobgoblin shouts!
A quokka comes into view.
A gnoll comes into view. It is wielding a +0 flail.
The quokka moves out of view.
1001 ||| Stepping ~*~*~tactically~*~*~ (stealth).
You barely miss the hobgoblin. Your punch misses the hobgoblin.
The hobgoblin misses you.
You hit the hobgoblin.
You kill the hobgoblin!
1005 ||| Stepping ~*~*~tactically~*~*~ (stealth).
The gnoll attacks as you move away! The gnoll hits you with a +0 flail!
You hit the gnoll. You claw the gnoll, but do no damage.
Your peck misses the gnoll.
The gnoll is moderately wounded.
The gnoll hits you with a +0 flail!
Ouch! That really hurt!
You die...

....#.#.# #...........#.......
....#.#.######...........##......
.<..+.#.'.'............####......
....#.#.#####..........# #......
....#.#.# ##.........# #####>#
#+###.#.# #.........# ###
.....##.# #.........## #####.#.#
#.#........# ..(..#..#
#.#@.......# #######.#
#.#g#####..# ........#
#.#.?...... #'####### #.#.###.#r.
#.# #...= #'# #.### ..# ###


You could see a gnoll.

Vanquished Creatures
  A dart slug (D:1)
  3 goblins (D:1)
  4 hobgoblins (D:1)
  2 quokkas (D:1)
  A ball python (D:1)
  3 bats (D:1)
  2 frilled lizards (D:1)
  3 kobolds (D:1)
19 creatures vanquished.

Notes
Turn   | Place    | Note
-------+----------+-------------------------------------------
     0 | D:1      | qw the Tengu Warper began the quest for the Orb.
     0 | D:1      | Reached XP level 1. HP: 12/12 MP: 4/4
     0 | D:1      | 0 ||| qw: Version: 0.1-a-89-g26bdef1
     0 | D:1      | 0 ||| qw: Game counter: 1564
     0 | D:1      | 0 ||| qw: Always use a shield: true
     0 | D:1      | 0 ||| qw: God list: Okawaru
     0 | D:1      | 0 ||| qw: Allow faded altars: false
     0 | D:1      | 0 ||| qw: Do Orc after D:15 true
     0 | D:1      | 0 ||| qw: Do second Lair branch before Depths: true
     0 | D:1      | 0 ||| qw: Lair rune preference: random
     0 | D:1      | 0 ||| qw: Plans: Normal
     0 | D:1      | 0 ||| PLANNING D:1-11
   326 | D:1      | Reached skill level 3 in Axes
   326 | D:1      | Reached XP level 2. HP: 17/17 MP: 6/6
   639 | D:1      | 639 ||| Stepping ~*~*~tactically~*~*~ (stealth).
  1001 | D:1      | 1001 ||| Stepping ~*~*~tactically~*~*~ (stealth).
  1005 | D:1      | 1005 ||| Stepping ~*~*~tactically~*~*~ (stealth).
  1006 | D:1      | Slain by a gnoll

Levels and vault maps discovered:
D:1:      matt_arrival_los_fun, layout_basic, minmay_pentomino_o4

Skill      XL: |  1 |
---------------+----+-----
Axes           | 3 |  3.6
Fighting       | |  2.0
Throwing       | |  1.0
Armour         | |  1.1
Dodging        | |  2.1
Spellcasting   | |  2.0
Translocations | |  2.4

Action                   || total
-------------------------++-------
Melee: Hand axe          ||    50
       Kick              ||     7
       Peck              ||     5
Throw: Boomerang         ||     7
Armor: Leather armour    ||    17
Dodge: Dodged            ||    28

Table legend:
 A = Non-vault XP
 B = Vault XP
 C = Vault XP percentage of total XP
 D = Non-vault monster count
 E = Vault monster count
 F = Vault count percentage of total count
                 A         B        C        D         E       F
            +---------+---------+-------+---------+---------+-------
      Total |      27 |       5 |  15.6 |      16 |       3 |  15.8
            +---------+---------+-------+---------+---------+-------
        D:1 |      27 |       5 |  15.6 |      16 |       3 |  15.8
            +---------+---------+-------+---------+---------+-------
